 Dungeon Crawl Stone Soup version 0.29-a0-998-g1987434951 (webtiles) character file.

Game seed: 15970111620007188876

56 nicolae the Changer (level 3, -3/24 HPs)
             Began as an Octopode Transmuter on Aug 6, 2022.
             Slain by a kobold
             ... wielding a +0 whip
              (5 damage)
             ... on level 2 of the Dungeon.
             The game lasted 00:02:51 (1582 turns).

nicolae the Changer (Octopode Transmuter)           Turns: 1582, Time: 00:02:52

Health: -3/24      AC:  1    Str:  9    XL:     3   Next: 97%
Magic:  6/6        EV: 13    Int: 17    God:
Gold:   161        SH:  0    Dex: 12    Spells: 0/6 levels left

rFire   + . .      SeeInvis .     - Unarmed
rCold   + . .      Faith    .   (no shield)
rNeg    . . .      Spirit   .   (helmet currently unavailable)
rPois   +          Reflect  .   d - amulet of magic regeneration
rElec   +          Harm     .   (no ring)
rCorr   +          Rampage  .   (no ring)
Will    .....                   (no ring)
Stlth   ++........              (no ring)
HPRegen 0.08/turn               (no ring)
MPRegen 0.50/turn               (no ring)
                                (no ring)
                                (no ring)

@: appendages, resistant, slowed, very slow
A: tentacle spike 3, almost no armour, amphibious, 8 rings, camouflage 1,
gelatinous body 1, (nimble swimmer 1), tentacles
a: End Transformation


You were on level 2 of the Dungeon.
One of your tentacles had grown a beastly spike.
You visited 1 branch of the dungeon, and saw 2 of its levels.

You collected 161 gold pieces.

Inventory:

Missiles
 c - 3 atropa-tipped darts
 f - 2 curare-tipped darts
Jewellery
 d - an amulet of magic regeneration (around mantle)
Scrolls
 b - 2 scrolls of enchant weapon {unknown}
 g - a scroll of amnesia {unknown}
 h - a scroll of teleportation {unknown}
Potions
 a - a potion of lignification
 i - a potion of mutation {unknown}


   Skills:
 + Level 1.9 Fighting
 + Level 2.6 Dodging
 - Level 3.0 Unarmed Combat
 - Level 2.0 Spellcasting
 + Level 3.2 Transmutations


You couldn't memorise any spells.
You knew the following spells:

 Your Spells              Type           Power      Damage    Failure   Level
a - Beastly Appendage     Tmut           24%        N/A       5%          1
b - Wereblood             Tmut           12%        N/A       8%          2
c - Spider Form           Tmut/Pois      7%         N/A       30%         3

Your spell library contained the following spells:

 Spells                   Type           Power      Damage    Failure   Level
 Foxfire                  Conj/Fire      4%         2x1d4     19%         1
 Conjure Flame            Conj/Fire      1%         6-21      50%         3
 Inner Flame              Hex/Fire       1%         N/A       50%         3
 Ice Form                 Ice/Tmut       7%         N/A       69%         4
 Flame Wave               Conj/Fire      1%         2d4       88%         4
 Leda's Liquefaction      Hex/Erth       0%         N/A       88%         4
 Lee's Rapid Deconstruct  Erth           0%         3d5*      99%         5
 Statue Form              Tmut/Erth      4%         N/A       100%        6


Dungeon Overview and Level Annotations

Branches:
Dungeon (2/15)

Altars:

Annotations:
D:2 Jessica


Innate Abilities, Weirdness & Mutations

One of your tentacles has grown a beastly spike.
You cannot wear most types of armour.
You are amphibious.
You can wear up to eight rings at the same time.
Your skin changes colour to match your surroundings (Stealth+).
Your rubbery body absorbs attacks. (AC +1, EV +1)
((You are camouflaged when in or above water. (Stealth+)))
You have tentacles for arms and can constrict up to eight enemies at once.


Message History

Your tentacle spike disappears.
i - a bubbling puce potion
Things that are here:
a +0 dagger; a +0 sling
Found a long sword.
Found a stone staircase leading down.
You now have 161 gold pieces (gained 7).
Jessica the Apprentice Sorceress comes into view.
She is wielding a +0 dagger.
Found a stone staircase leading down.
One of your tentacles grows a vicious spike.
Jessica shouts!
Jessica mumbles something strange.
Jessica drinks a potion.
Jessica's spells are empowered!
Jessica casts a spell at you. Pain shoots through your body!
Ouch! That really hurt!
You are too injured to fight recklessly!
You are too injured to fight recklessly!
It was a potion of resistance.
You feel protected.
A kobold comes into view. It is wielding a +0 whip.
A hobgoblin comes into view.
The kobold shouts!
Jessica gestures at you while chanting.
You feel yourself slow down.
Jessica mumbles some strange words.
Jessica blinks!
Jessica points at you and mumbles some strange words.
Pain shoots through your body!
* * * LOW HITPOINT WARNING * * *
The kobold misses you.
You barely miss the kobold. Your grab misses the kobold.
You squeeze the kobold.
The kobold is severely wounded.
The kobold closely misses you. Jessica says, "Why did you come here?"
Jessica hits you with a +0 dagger.
* * * LOW HITPOINT WARNING * * *
The hobgoblin misses you. The kobold hits you with a +0 whip.
You die...

#........#####
.<...........# #
.#####.......####.###
... ........)...)†.. #
###.#######...###.###
.#.#..........#......#
..............#.###..#
#.>@g......#.# ####
#..K@......#.####
#######...>.....#
##........# #...)....#
##########


You could see Jessica (empowered), a hobgoblin and a kobold.

Vanquished Creatures
  2 adders (D:2)
  A worm (D:2)
  2 dart slugs (D:1)
  4 bats (D:1)
  3 endoplasms
  7 goblins
  2 hobgoblins (D:2)
  A quokka (D:1)
  2 ball pythons (D:1)
  A frilled lizard (D:1)
  4 kobolds
  2 rats
31 creatures vanquished.

Vanquished Creatures (others)
  13 plants (D:2)
13 creatures vanquished.

Grand Total: 44 creatures vanquished

Notes
Turn   | Place    | Note
-------+----------+-------------------------------------------
     0 | D:1      | nicolae the Octopode Transmuter began the quest for the
                  | Orb.
     0 | D:1      | Reached XP level 1. HP: 13/13 MP: 3/3
   261 | D:1      | Reached XP level 2. HP: 18/18 MP: 5/5
   264 | D:1      | Learned a level 2 spell: Wereblood
   876 | D:1      | Reached XP level 3. HP: 19/23 MP: 6/6
   957 | D:1      | Learned a level 3 spell: Spider Form
  1349 | D:2      | Found a faded altar of an unknown god.
  1574 | D:2      | Noticed Jessica
  1582 | D:2      | Slain by a kobold

Illustrated notes

Levels and vault maps discovered:
D:1:      ncdulo_wetmaze, layout_loops_ring, minmay_tromino_i2
D:2:      layout_rooms, hellmonk_ecumenical_altar_slurped_away, basic_altar,
          serial_bayou_lagoon_b, uniq_jessica

Skill      XL: |  1  2  3 |
---------------+----------+-----
Transmutations | 3 |  3.2
Fighting       | |  1.9
Dodging        | |  2.6
Unarmed Combat | |  3.0
Spellcasting   | |  2.0

Action                   || total
-------------------------++-------
Melee: Unarmed           ||    65
       Kick              ||    23
       Constrict         ||    18
       Punch             ||     2
       Tentacles         ||     7
 Cast: Beastly Appendage ||    24
       Wereblood         ||     1
  Use: Potion            ||     1
 Stab: Sleeping          ||     2
Armor: Skin              ||     4
Dodge: Dodged            ||    41

Table legend: (Time is in decaauts)
 A = Elapsed time spent in this place.
 B = Non-inter-level travel time spent in this place.
 C = Inter-level travel time spent in this place.
 D = Time resting spent in this place.
 E = Time spent auto-exploring this place.
 F = Levels seen in this place.
 G = Mean time per level.
                   A        B        C        D        E       F      G
               +--------+--------+--------+--------+--------+-----+--------+
         Total |   1579 |   1557 |     22 |    157 |   1096 |   2 |  789.5 |
       Dungeon |   1579 |   1557 |     22 |    157 |   1096 |   2 |  789.5 |
               +--------+--------+--------+--------+--------+-----+--------+

Top non-repeatable levels by time:
     D:1: 1285 daAuts
     D:2: 294 daAuts
